 Dungeon Crawl Stone Soup version 0.31-a0-845-g9abc20d24f (webtiles) character file.

Game seed: 9402726881704680575

8 wvc the Firebug (level 2, -1/15 HPs)
             Began as a Gargoyle Fire Elementalist on Oct 1, 2023.
             Slain by a quokka (4 damage)
             ... on level 1 of the Dungeon.
             The game lasted 00:00:48 (184 turns).

wvc the Firebug (Gargoyle Fire Elementalist)         Turns: 184, Time: 00:00:48

Health: -1/15      AC:  4    Str: 11    XL:     2   Next: 8%
Magic:  2/5        EV: 11    Int: 15    God:
Gold:   29         SH:  0    Dex: 10    Spells: 4/5 levels left

rFire   . . .        c - +0 whip (flame)
rCold   . . .        (no shield)
rNeg    + . .        a - +0 robe
rPois   ∞            (no helmet)
rElec   +            (no cloak)
rCorr   .            (no gloves)
SInv    .            (no boots)
Will    .....        (no amulet)
Stlth   ++           (no ring)
HPRegen 0.22/turn    (no ring)
MPRegen 0.09/turn

%: no passive effects
@: no status effects
A: sickness immunity, AC +2, negative energy resistance 1, electricity
resistance, torment resistance 1, petrification resistance
a: no special abilities


You were on level 1 of the Dungeon.
You visited 1 branch of the dungeon, and saw 1 of its levels.

You collected 29 gold pieces.

Inventory:

Hand Weapons
 c - a +0 whip of flaming (weapon)
Armour
 a - a +0 robe (worn)
Potions
 b - a potion of magic


   Skills:
 - Level 1.5 Dodging
 - Level 2.1 Stealth
 + Level 2.1 Spellcasting
 * Level 1.4 Conjurations
 + Level 3.3 Fire Magic


You had 4 spell levels left.
You knew the following spells:

 Your Spells              Type           Power      Damage    Failure   Level
a - Foxfire               Conj/Fire      32%        2x1d5     9%          1

Your spell library contained the following spells:

 Spells                   Type           Power      Damage    Failure   Level
 Scorch                   Fire           22%        2d5       9%          2
 Inner Flame              Hex/Fire       6%         N/A       32%         3
 Volatile Blastmotes      Fire/Tloc      12%        2d11      32%         3
 Flame Wave               Conj/Fire      8%         2d5       63%         4


Dungeon Overview and Level Annotations

Branches:
Dungeon (1/15)

Altars:


Innate Abilities, Weirdness & Mutations

You are immune to sickness and miasma.
Your stone body is resilient. (AC +2)
You are immune to poison.
You resist negative energy. (rN+)
You are resistant to electric shocks. (rElec)
You are resistant to unholy torment.
You are immune to petrification.


Message History

The jackal bites you but does no damage.
You hit the jackal but do no damage.
The jackal is severely wounded.
The jackal bites you but does no damage.
The jackal barely misses you.
You hit the jackal. You burn the jackal.
You kill the jackal!
You hit the jackal. You burn the jackal.
You kill the jackal!
You have reached level 2!
Casting: Foxfire (safe; 9% risk of failure)
Press: ? - help, Q - select action Dir - look around, f - activate You conjure some foxfire!
The jackal bites you but does no damage.
The jackal bites you.
* * * LOW HITPOINT WARNING * * *
You hit the jackal. You burn the jackal.
The jackal is heavily wounded.
The foxfire hits the jackal.
The jackal is almost dead.
The foxfire hits the jackal but does no damage.
The jackal is almost dead.
The jackal closely misses you.
You barely miss the jackal.
The jackal is almost dead.
The jackal bites you.
* * * LOW HITPOINT WARNING * * *
The jackal barely misses you.
You hit the jackal. You burn the jackal.
You kill the jackal!
Casting: Foxfire (safe; 9% risk of failure)
Press: ? - help, Q - select action Dir - look around, f - activate You conjure some foxfire!
The quokka barely misses you.
You miss the quokka.
The foxfire hits the quokka.
The quokka is severely wounded.
The foxfire hits the quokka but does no damage.
The quokka is severely wounded.
The quokka bites you.
You die...

## #.......##.# ....#
#.#.....##.# ..#.### ....#
#.###...##.####.....# ....#
#...'...'....##.....# ....#
#####...#.##.##.....# ....##
#####.#...#.....#
.....######### #.###.#.....#
.............###.§.........#
..............†r@..>.##....#
....#........######..#(#.###
....########## #..#.#.#
....# #....#'######## ....#
#.##........... ....#
#.............. ....#
#.##........... ....#
#.##...........
#.##....[......


You could see a quokka.

Vanquished Creatures
  A hobgoblin (D:1)
  4 jackals (D:1)
  2 bats (D:1)
7 creatures vanquished.

Vanquished Creatures (others)
  12 foxfires (D:1)
12 creatures vanquished.

Grand Total: 19 creatures vanquished

Notes
Turn   | Place    | Note
-------+----------+-------------------------------------------
     0 | D:1      | wvc the Gargoyle Fire Elementalist began the quest for the
                  | Orb.
     0 | D:1      | Reached XP level 1. HP: 10/10 MP: 3/3
   178 | D:1      | Reached XP level 2. HP: 3/15 MP: 3/5
   184 | D:1      | Slain by a quokka

Illustrated notes

Levels and vault maps discovered:
D:1:      dpeg_arrival_line_fractal, layout_basic, st_stairs_10, minmay_domino_4

Action                     || total
---------------------------++-------
  Melee: Whip              ||    21
         Unarmed           ||     3
   Cast: Foxfire           ||     8
 Armour: Robe              ||    33
  Dodge: Dodged            ||    25

Table legend: (Time is in decaauts)
 A = Elapsed time spent in this place.
 B = Non-inter-level travel time spent in this place.
 C = Inter-level travel time spent in this place.
 D = Time resting spent in this place.
 E = Time spent auto-exploring this place.
 F = Levels seen in this place.
 G = Mean time per level.
                   A        B        C        D        E       F      G
               +--------+--------+--------+--------+--------+-----+--------+
         Total |    185 |    185 |      0 |      0 |    115 |   1 |  185.0 |
       Dungeon |    185 |    185 |      0 |      0 |    115 |   1 |  185.0 |
               +--------+--------+--------+--------+--------+-----+--------+

Top non-repeatable levels by time:
     D:1: 185 daAuts
